 Dungeon Crawl Stone Soup version 0.23.0-28-g6fe0f4dc8b (webtiles) character file.

Game seed: 10150578973626491465

65 HolyGrifer the Caller (level 3, 0/19 HPs)
             Began as a Deep Elf Summoner on Feb 25, 2019.
             Succumbed to an adder's poison
             ... on level 3 of the Dungeon.
             The game lasted 00:10:24 (3231 turns).

HolyGrifer the Caller (Deep Elf Summoner)           Turns: 3231, Time: 00:10:24

Health: 0/19       AC:  3    Str:  5    XL:     3   Next: 94%
Magic:  10/11      EV: 13    Int: 20    God:
Gold:   97         SH:  0    Dex: 15    Spells: 10/11 levels left

rFire    . . .     SeeInvis .   n - +3 quarterstaff (chaos)
rCold    . . .     Gourm    .   (shield currently unavailable)
rNeg     . . .     Faith    .   a - +0 robe
rPois    .         Spirit   .   (no helmet)
rElec    .         Reflect  .   o - +0 cloak
rCorr    +         Harm     .   (no gloves)
MR       .....                  (no boots)
Stlth    ++........             (no amulet)
HPRegen  0.06/turn              h - ring of resist corrosion
MPRegen  0.12/turn              (no ring)

@: lethally poisoned (0 -> -8)
A: no striking features
a: no special abilities


You were on level 3 of the Dungeon.
You were not hungry.

You visited 1 branch of the dungeon, and saw 3 of its levels.

You collected 97 gold pieces.

Inventory:

Hand Weapons
 n - a +3 quarterstaff of chaos (weapon)
Armour
 a - a +0 robe (worn)
 o - a +0 cloak (worn)
Jewellery
 h - a ring of resist corrosion (left hand)
Scrolls
 b - a scroll of identify {unknown}
 d - a scroll of fog {unknown}
 j - a scroll of remove curse
 k - 2 scrolls of enchant weapon {unknown}
 l - a scroll of teleportation {unknown}
 p - a scroll of fear {unknown}
Potions
 e - 2 potions of invisibility {unknown}
 f - 2 potions of cancellation {unknown}
 g - a potion of haste {unknown}
 i - a potion of agility {unknown}
 m - a potion of brilliance {unknown}
Comestibles
 c - 3 rations


   Skills:
 + Level 2.5 Dodging
 + Level 2.5 Stealth
 * Level 4.8 Spellcasting
 * Level 5.1 Summonings


You had 10 spell levels left.
You knew the following spells:

 Your Spells              Type           Power        Failure   Level  Hunger
a - Summon Small Mammal   Summ           ####         1%          1    None

Your spell library contained the following spells:

 Spells                   Type           Power        Failure   Level  Hunger
 Call Imp                 Summ           ####....     2%          2    #......
 Call Canine Familiar     Summ           ####....     4%          3    ##.....
 Summon Guardian Golem    Hex/Summ       ###.....     12%         3    ##.....
 Summon Ice Beast         Ice/Summ       ###.....     38%         4    ####...
 Summon Lightning Spire   Summ/Air       ###.....     38%         4    ####...


Dungeon Overview and Level Annotations

Branches:
Dungeon (3/15)

Altars:
Uskayaw


Message History

The adder poisons your quokka!
Your quokka bites the adder.
The adder closely misses your quokka.
Your quokka closely misses the adder.
Your quokka closely misses the quokka.
The quokka barely misses you.
Your quokka dies!
Your quokka's corpse disappears in a puff of smoke!
Your quokka barely misses the quokka.
The orc hits you but does no damage. The adder bites you.
You are lethally poisoned!
The adder poisons you! The orc hits you with a +0 dagger.
You closely miss the orc.
* * * LOW HITPOINT WARNING * * *
You feel sick.
Your quokka misses the adder. The adder misses you.
The orc hits you with a +0 dagger.
* * * LOW HITPOINT WARNING * * *
The quokka misses you.
Your quokka misses the adder. The adder bites you but does no damage.
Okay, then.
As you read the scroll labeled VUNEPR ERAT, it crumbles to dust.
You feel blessed for a moment.
It was a scroll of remove curse.
You die...

######## #######......#
#.......r....#
#.####†####o.#
##...r@##..##########
#....So.#.†.........#
#.#...r.."#.#######...#
#....._.....# #...#
..#.......#.#######...#
..#.......#........>..#
##.....##..######...#
###.####..# #...# ...
..## #...#


You could see an adder, an orc, a quokka and a friendly quokka.

Vanquished Creatures
  2 bats
  A quokka (D:2)
3 creatures vanquished.

Vanquished Creatures (collateral kills)
  Crazy Yiuf (D:2)
  An adder (D:2)
  An ooze (D:2)
  3 dart slugs
  2 leopard geckos (D:1)
  6 bats
  6 giant cockroaches
  7 goblins
  6 hobgoblins
  2 jackals (D:3)
  2 ball pythons (D:2)
  6 frilled lizards
  10 kobolds
  2 rats
55 creatures vanquished.

Grand Total: 58 creatures vanquished

Notes
Turn   | Place    | Note
-------+----------+-------------------------------------------
     0 | D:1      | HolyGrifer the Deep Elf Summoner began the quest for the
                  | Orb.
     0 | D:1      | Reached XP level 1. HP: 10/10 MP: 6/6
   369 | D:1      | Reached XP level 2. HP: 15/15 MP: 2/8
  1903 | D:2      | Reached XP level 3. HP: 19/19 MP: 7/10
  2338 | D:2      | Reached skill level 5 in Summonings
  2876 | D:2      | Found a runed translucent door.
  2877 | D:2      | Noticed Crazy Yiuf
  2929 | D:2      | Killed Crazy Yiuf
  3201 | D:3      | Found a hide-covered altar of Uskayaw.
  3231 | D:3      | Succumbed to an adder's poison

Skill      XL: |  1  2  3 |
---------------+----------+-----
Spellcasting   | 4 |  4.8
Summonings     | 5 |  5.1
Dodging        | |  2.5
Stealth        | |  2.5

Action                   || total
-------------------------++-------
Melee: Unarmed           ||    30
       Quarterstaff      ||     4
 Cast: Summon Small Mamm ||   142
  Use: Scroll            ||     1
  Eat: Ration            ||     2
Armor: Robe              ||    34
Dodge: Dodged            ||   107
